[Event "Late-Titled-Tuesday-Blitz-April-23-2024"]
[Site "Chess.com"]
[Date "2024.04.23"]
[Round "10"]
[White "protectiago"]
[Black "kalinchick"]
[Result "0-1"]
[WhiteElo "2073"]
[BlackElo "2426"]
[TimeControl "180+1"]
[EndTime "15:57:09 PDT"]
[Termination "kalinchick won on time"]

1. d4 Nf6 2. c4 e6 3. g3 d5 4.
Nf3 Be7 5. Bg2 O-O 6. Nbd2 b6 7.
Ne5 Bb7 8. Qa4 Nfd7 9. Ndf3 dxc4 10. O-O Nxe5 11. dxe5 c3 12. Rd1 Qc8 13. bxc3 Rd8 14. Be3 Nd7 15. Qg4 Nf8 16. h4 Rxd1+ 17. Rxd1 Qe8 18.
Bh6 g6 19. h5 Rd8 20. Rxd8 Qxd8 21. Bxf8 Bxf8 22. hxg6 hxg6 23. Ng5 Bxg2 24. Kxg2 Qd5+ 25. Ne4 Qxe5 26. f3 Kg7 27. Qh4 Bd6 28. Qd8 a5 29.
Qd7 Kg8 30. Qe8+ Kg7 31. Qd7 Bc5 0-1

[Event "Late-Titled-Tuesday-Blitz-April-23-2024"]
[Site "Chess.com"]
[Date "2024.04.23"]
[Round "10"]
[White "manitodeplomo"]
[Black "Boorchess"]
[Result "1-0"]
[WhiteElo "2662"]
[BlackElo "2525"]
[TimeControl "180+1"]
[EndTime "15:57:11 PDT"]
[Termination "manitodeplomo won on time"]

1. d4 Nf6 2. c4 e6 3. Nf3 c5 4.
d5 exd5 5. cxd5 d6 6. Nc3 g6 7. e4 a6 8. Qe2 Bg7 9. e5 dxe5 10. Qxe5+ Kf8 11. Be3 b6 12. O-O-O Ng4 13. Qg5 Qxg5 14. Nxg5 Nxe3 15. fxe3 Bh6 16. h4 f6 17. Ne6+ Bxe6 18. dxe6 Bxe3+ 19. Kc2 Nc6 20. Nd5 Nb4+ 21. Nxb4 cxb4 22. Rd7 Rc8+ 23. Kb3 b5 24. h5 gxh5 25. Rxh5 Rc5 26. Be2 Bg5 27. Bg4 Re5 28. Rh1 h5 29. Bh3 f5 30. Rf7+ Ke8 31. Bxf5 Be7 32.
Rc1 Re3+ 33. Kc2 Rg8 34. Kd2 1-0

[Event "Late-Titled-Tuesday-Blitz-April-23-2024"]
[Site "Chess.com"]
[Date "2024.04.23"]
[Round "10"]
[White "chess_sharparchitect"]
[Black "Naruna_Chan"]
[Result "1-0"]
[WhiteElo "2257"]
[BlackElo "2390"]
[TimeControl "180+1"]
[EndTime "15:57:11 PDT"]
[Termination "chess_sharparchitect won on time"]

1. c4 e5 2. Nc3 Nf6 3. Nf3 d6 4. d4 exd4 5. Nxd4 Be7 6. g3 O-O 7. Bg2 c6 8. e4 Be6 9. b3 d5 10. e5 Bb4 11. Bd2 Ne4 12. Nxe4 Bxd2+ 13. Nxd2 dxc4 14. Nxe6 fxe6 15. Nxc4 Qg5 16. O-O Na6 17. Qd6 Rae8 18. Rad1 Nb8 19. Bh3 Kh8 20. Bxe6 h5 21. Bh3 h4 22. Bg2 b5 23. Ne3 Qxe5 24. Qxe5 Rxe5 25. Rd4 hxg3 26. hxg3 g5 27. Rfd1 c5 28. Rd5 Rxd5 29. Rxd5 c4 30. bxc4 bxc4 31. Nxc4 Rc8 32. Ne3 Nc6 33. Rxg5 Nd4 34. Rh5+ Kg8 35. Bd5+ Kg7 36.
Rh4 Ne2+ 37. Kf1 Nc3 38. Rg4+ Kf6 39. Bb3 a5 40. Rf4+ Ke5 41. Nc4+ 1-0

[Event "Late-Titled-Tuesday-Blitz-April-23-2024"]
[Site "Chess.com"]
[Date "2024.04.23"]
[Round "10"]
[White "RebecaJimnz"]
[Black "Ghost_Pepper"]
[Result "1-0"]
[WhiteElo "2320"]
[BlackElo "2474"]
[TimeControl "180+1"]
[EndTime "15:57:15 PDT"]
[Termination "RebecaJimnz won on time"]

1. e4 c5 2. Nf3 d6 3. d4 cxd4 4. Nxd4 Nf6 5. Nc3 a6 6. Be2 e5 7. Nf3 Be7 8. Bg5 Be6 9. Bxf6 Bxf6 10. O-O O-O 11. Nd5 Nd7 12. Bc4 Rc8 13. Bb3 Nc5 14. Re1 Be7 15. Qd2 Nxb3 16. axb3 f5 17. exf5 Rxf5 18. Rad1 Bf8 19. Ne3 Rxf3 20. gxf3 Qf6 21.
Qe2 Bh3 22. Kh1 g6 23. Rg1 Bh6 24. Rg3 Bd7 25. Nd5 Qe6 26. Nb6 Rd8 27. Nxd7 Rxd7 28.
c3 d5 29. Re1 Bf4 30. Rg4 Qf6 31. Qd3 Kg7 32. Reg1 Rd6 33. Kg2 b5 34. Kf1 Kf7 35.
h4 Ke6 36. h5 1-0

[Event "Late-Titled-Tuesday-Blitz-April-23-2024"]
[Site "Chess.com"]
[Date "2024.04.23"]
[Round "10"]
[White "super_emi_26"]
[Black "Balla_Tamas"]
[Result "1-0"]
[WhiteElo "2711"]
[BlackElo "2555"]
[TimeControl "180+1"]
[EndTime "15:57:18 PDT"]
[Termination "super_emi_26 won by resignation"]

1. b3 c5 2. Bb2 d5 3. e3 Nf6 4. f4 a6 5. Nf3 Nc6 6. Be2 g6 7. Ne5 Qc7 8. d3 Bg7 9. Nd2 Nxe5 10. Bxe5 Qc6 11. O-O O-O 12. Bf3 b5 13. c4 bxc4 14. dxc4 Be6 15. Bxf6 Bxf6 16. cxd5 Bxd5 17.
e4 Bxa1 18. exd5 Bd4+ 19. Kh1 Qd7 20. Nc4 Rad8 21. Qe2 e6 22. dxe6 Qxe6 23. Qxe6 fxe6 24. g3 e5 25. fxe5 Kg7 26. Kg2 Rf5 27. Re1 Rdf8 28. Bc6 Rf2+ 29. Kh3 Rxa2 30. e6 Rff2 31. e7 h5 32. Rh1 Rae2 33. e8=Q Rxe8 34. Bxe8 Kh6 35.
Re1 g5 36. Re6+ Bf6 37. g4 Rf3+ 38. Kg2 hxg4 39. Ne5 Rf4 40. Rxf6+ Rxf6 41. Nxg4+ Kg7 42. Nxf6 Kxf6 43. Kg3 Ke5 44. Kg4 Kd4 45. Kxg5 c4 46. bxc4 Kxc4 47. h4 Kd5 48. h5 Ke6 49. Kg6 Ke7 50. h6 Kf8 51. h7 1-0

[Event "Late-Titled-Tuesday-Blitz-April-23-2024"]
[Site "Chess.com"]
[Date "2024.04.23"]
[Round "10"]
[White "katharinareinecke"]
[Black "Francisco_Ferrari"]
[Result "0-1"]
[WhiteElo "2054"]
[BlackElo "2198"]
[TimeControl "180+1"]
[EndTime "15:57:18 PDT"]
[Termination "Francisco_Ferrari won by checkmate"]

1. e4 c6 2. Nf3 d5 3. d3 Bg4 4.
h3 Bxf3 5. Qxf3 e6 6. g3 Nd7 7.
Bg2 Ngf6 8. O-O Be7 9. exd5 cxd5 10. b3 O-O 11. Bb2 Rc8 12. c4 dxc4 13. dxc4 Nc5 14.
Ba3 Nce4 15. Bxe7 Qxe7 16. Qe3 Nc5 17. Nc3 Rfd8 18. Nb5 a6 19. Nd4 Qd6 20. Rad1 e5 21. Nf5 Qxd1 22. Rxd1 Rxd1+ 23. Kh2 Kf8 24. Qxe5 Ne6 25.
Bxb7 Rcd8 26. Bxa6 R8d2 27. Qb8+ Rd8 28. Qb4+ Kg8 29. Ne7+ Kh8 30. c5 R1d2 31. Kg1 Nd4 32. c6 Ne4 33. c7 Nf3+ 34. Kf1 Rxf2# 0-1

[Event "Late-Titled-Tuesday-Blitz-April-23-2024"]
[Site "Chess.com"]
[Date "2024.04.23"]
[Round "10"]
[White "maurovargas01"]
[Black "lluiss"]
[Result "0-1"]
[WhiteElo "1922"]
[BlackElo "2146"]
[TimeControl "180+1"]
[EndTime "15:57:21 PDT"]
[Termination "lluiss won on time"]

1. e4 c5 2. Nc3 d6 3. f4 g6 4.
Nf3 Bg7 5. Bb5+ Bd7 6. Bxd7+ Qxd7 7. d3 Nc6 8. Bd2 Nf6 9. Ne2 b5 10. c3 b4 11. O-O O-O 12. Qe1 a5 13. h3 a4 14. Qh4 a3 15. bxa3 bxc3 16. Bxc3 Rxa3 17. Bd2 Rxd3 18. Rad1 Nxe4 19. Bc1 Rxd1 20. Rxd1 Qa7 21. Kh2 Qxa2 22. Ng3 Nxg3 23. Qxg3 Nd4 24. Ng5 Nf5 25. Qf3 h6 26. Ne4 Qc2 27. Rf1 Rb8 28. Kh1 Rb1 29. g4 Qxe4 30. gxf5 Qxf3+ 31. Rxf3 Rxc1+ 32. Kg2 gxf5 33. Rb3 Kh7 34. Rb7 Bf6 35. Kf2 Rc2+ 36. Ke3 Rh2 37. h4 Rh3+ 38. Ke2 Rxh4 39. Rb3 c4 40. Rf3 c3 41. Kd3 Rh2 0-1

[Event "Late-Titled-Tuesday-Blitz-April-23-2024"]
[Site "Chess.com"]
[Date "2024.04.23"]
[Round "10"]
[White "ChristopherYoo"]
[Black "vi_pranav"]
[Result "1-0"]
[WhiteElo "3029"]
[BlackElo "3066"]
[TimeControl "180+1"]
[EndTime "15:57:24 PDT"]
[Termination "ChristopherYoo won by resignation"]

1. d4 Nf6 2. c4 e6 3. Nc3 Bb4 4. e3 O-O 5. a3 Bxc3+ 6. bxc3 d6 7. f3 b6 8. Bd3 c5 9. e4 Nc6 10. Ne2 Ba6 11. Bg5 h6 12. Bh4 Rc8 13. f4 e5 14.
O-O exf4 15. Nxf4 g5 16. Nd5 Nh7 17. Bf2 cxd4 18. cxd4 Ne7 19. Ne3 Ng6 20. Nf5 Bxc4 21. Bg3 Be6 22. Nxh6+ Kg7 23. Nf5+ Bxf5 24. exf5 Nf4 25.
Bxf4 gxf4 26. Qg4+ Kh8 27. f6 Qxf6 28. Rxf4 Qg7 29.
Qh5 f5 30. Bxf5 Rc2 31. Rg4 Qf7 32. Qxf7 Rxf7 33. Bxc2 1-0

[Event "Late-Titled-Tuesday-Blitz-April-23-2024"]
[Site "Chess.com"]
[Date "2024.04.23"]
[Round "10"]
[White "Skatchkov_V"]
[Black "2Coaches1Profile"]
[Result "0-1"]
[WhiteElo "2661"]
[BlackElo "2568"]
[TimeControl "180+1"]
[EndTime "15:57:28 PDT"]
[Termination "2Coaches1Profile won on time"]

1. d4 Nf6 2. c4 c5 3. d5 e6 4.
Nc3 exd5 5. cxd5 d6 6. Nf3 g6 7. Bf4 Bg7 8. Qa4+ Bd7 9. Qb3 b5 10. Bxd6 c4 11. Qd1 Qb6 12. Be5 O-O 13. e3 Bf5 14.
Be2 Nbd7 15. Bd4 Qb7 16. O-O Rac8 17. a4 b4 18. Nb5 Qxd5 19. Nxa7 Ra8 20. Nb5 Rfc8 21.
Qc1 Bd3 22. Bxd3 cxd3 23. Qd2 Qb3 24. Rfd1 Rxa4 25. Rxa4 Qxa4 26. Qxd3 Bf8 27. h4 Nc5 28. Qe2 Nce4 29. Ng5 Rc2 30. Qe1 Qxb5 31. f3 Nxg5 32. hxg5 Qxg5 33. Rd2 Rxd2 34. Qxd2 Bc5 35. f4 Qd5 0-1

[Event "Late-Titled-Tuesday-Blitz-April-23-2024"]
[Site "Chess.com"]
[Date "2024.04.23"]
[Round "10"]
[White "realburq"]
[Black "manmanlai1"]
[Result "1-0"]
[WhiteElo "2385"]
[BlackElo "2507"]
[TimeControl "180+1"]
[EndTime "15:57:28 PDT"]
[Termination "realburq won by resignation"]

1. e4 c5 2. c3 d6 3. d4 Nf6 4. Bd3 Nc6 5. d5 Ne5 6. Be2 g6 7. f4 Ned7 8. Bd3 Bg7 9. Nf3 O-O 10. O-O c4 11. Bc2 Nc5 12. Qe2 b5 13. h3 Bb7 14. b4 cxb3 15. axb3 e6 16. b4 Ncd7 17.
Qxb5 Qb6+ 18. Qxb6 axb6 19. Rxa8 Rxa8 20. dxe6 fxe6 21.
Nbd2 Nh5 22. Bb3 Nf8 23. f5 gxf5 24. exf5 Ng3 25. Re1 Nxf5 26. Rxe6 Kh8 27. Re1 Bxc3 28. g4 Bxf3 29. gxf5 Bc6 30. Re3 Bd4 31. Kh2 Bxe3 32.
Bb2+ 1-0

[Event "Late-Titled-Tuesday-Blitz-April-23-2024"]
[Site "Chess.com"]
[Date "2024.04.23"]
[Round "10"]
[White "Rytenko_V"]
[Black "egnfanclub"]
[Result "1/2-1/2"]
[WhiteElo "2508"]
[BlackElo "2373"]
[TimeControl "180+1"]
[EndTime "15:57:29 PDT"]
[Termination "Game drawn by agreement"]

1. e4 e5 2. Nf3 Nc6 3. Bb5 a6 4.
Bxc6 dxc6 5. O-O Bg4 6. h3 h5 7.
d3 Qf6 8. Be3 Bxf3 9. Qxf3 Qxf3 10. gxf3 O-O-O 11. f4 Bd6 12. fxe5 Bxe5 13. Nc3 f5 14. f4 Bd4 15. Rae1 Ne7 16. Bxd4 Rxd4 17. Ne2 Rd7 18. Ng3 g6 19. h4 c5 20. b3 Nc6 21.
exf5 gxf5 22. Nxf5 Rf7 23. Ng3 Nd4 24. Rf2 Rg8 25.
Kh2 Rg4 26. Kh3 Rfxf4 27. Rxf4 Rxf4 28. Nxh5 Rxh4+ 29. Kxh4 Nf3+ 30. Kg3 Nxe1 31. Kf2 Nxc2 32. Ke2 Nb4 33. a4 Nc2 34. Kd2 Nd4 35. Kc3 b5 36.
axb5 axb5 37. b4 Ne6 38. Nf6 Kb7 39. bxc5 Nxc5 40. d4 Ne6 41. Kb4 Kb6 42. Nd5+ Kc6 43. Ne7+ Kd7 44. Nf5 c6 45. d5 cxd5 46. Kxb5 1/2-1/2

[Event "Late-Titled-Tuesday-Blitz-April-23-2024"]
[Site "Chess.com"]
[Date "2024.04.23"]
[Round "10"]
[White "Zampronha1971"]
[Black "Denmark2015"]
[Result "0-1"]
[WhiteElo "2465"]
[BlackElo "2619"]
[TimeControl "180+1"]
[EndTime "15:57:30 PDT"]
[Termination "Denmark2015 won by resignation"]

1. e4 e6 2. d4 d5 3. Nc3 Be7 4. Nf3 Nf6 5. Bd3 c5 6. dxc5 dxe4 7. Nxe4 Nxe4 8. Bxe4 Qxd1+ 9. Kxd1 Bxc5 10. Ke2 Nd7 11. Rd1 Nf6 12. Bd3 b6 13. Be3 Bxe3 14. Kxe3 Bb7 15.
Bb5+ Ke7 16. Ne5 Rac8 17. c3 Nd5+ 18. Kd2 Rhd8 19. Kc2 Rc5 20. c4 Nf6 21. Nd3 Rh5 22. g3 a6 23. Ba4 b5 24. cxb5 axb5 25. Bb3 Rxh2 26. Rd2 Be4 27. Rad1 Bxd3+ 28. Rxd3 Rxf2+ 29. Kc3 Rxd3+ 30. Rxd3 Rf5 31. Kb4 h5 32. a4 bxa4 33.
Bxa4 Nd5+ 34. Ka3 g5 35. b4 h4 36. gxh4 gxh4 37. Rh3 Rf4 38. b5 Nb6 39. Bc2 e5 40. Kb3 f5 41. Kc3 Kf6 42. Kd3 Kg5 43. Ke3 Nd5+ 44.
Ke2 Rb4 45. Bxf5 Nf4+ 46. Kd2 Nxh3 47. Bxh3 Rxb5 48. Bf1 Rb4 0-1

[Event "Late-Titled-Tuesday-Blitz-April-23-2024"]
[Site "Chess.com"]
[Date "2024.04.23"]
[Round "10"]
[White "MarlonJodar"]
[Black "Heliosis11"]
[Result "1-0"]
[WhiteElo "2289"]
[BlackElo "2379"]
[TimeControl "180+1"]
[EndTime "15:57:31 PDT"]
[Termination "MarlonJodar won by checkmate"]

1. e4 c5 2. Nf3 e6 3. d4 cxd4 4. Nxd4 Nc6 5. Nb5 d6 6. Bf4 e5 7. Be3 Nf6 8. Bg5 a6 9. Bxf6 gxf6 10. N5c3 Be6 11. Nd2 Be7 12. Nc4 Rc8 13. Ne3 Nd4 14. Bd3 Rg8 15. O-O Qd7 16. f4 Qc6 17. f5 Bd7 18.
Ncd5 Qc5 19. c3 Nc6 20. Kh1 b5 21. Qh5 b4 22. Qxh7 Rf8 23. Ng4 bxc3 24. bxc3 Na5 25.
Bxa6 Ra8 26. Bd3 Nc4 27. Ngxf6+ Kd8 28. Nxd7 Kxd7 29. f6 Bd8 30. Qf5+ Kc6 31. Rfb1 Ba5 32. Rb3 Ne3 33. Nxe3 Qxe3 34. Bb5+ Kc5 35. Qd7 Rfc8 36. Rd1 Qf2 37. Qxd6# 1-0

[Event "Late-Titled-Tuesday-Blitz-April-23-2024"]
[Site "Chess.com"]
[Date "2024.04.23"]
[Round "10"]
[White "MagnusCarlsen"]
[Black "jefferyx"]
[Result "1-0"]
[WhiteElo "3229"]
[BlackElo "3105"]
[TimeControl "180+1"]
[EndTime "15:57:36 PDT"]
[Termination "MagnusCarlsen won on time"]

1. e4 c5 2. Nf3 d6 3. Bc4 e6 4. d4 cxd4 5. Qxd4 Nf6 6. Nc3 Be7 7.
Qd3 O-O 8. Bf4 a6 9. O-O-O b5 10.
Bb3 Bb7 11. Bxd6 Qxd6 12. Qxd6 Bxd6 13. Rxd6 b4 14. Rb6 bxc3 15. Rxb7 cxb2+ 16. Kxb2 Nxe4 17. Rd1 Nc6 18. Rb6 Rfc8 19. Rd7 Nc5 20. Rd6 Na5 21.
Ne5 Kf8 22. Nd7+ Nxd7 23. Rxd7 Rab8 24. Rxa6 Nc4+ 25. Kc1 Ne5 26. Rd4 g5 27. Re4 Rc5 28. Ra7 Nd3+ 29. Kd2 Nxf2 30. Rd4 Re5 31. Rdd7 Ne4+ 32.
Kc1 Rf5 33. Rab7 Ra8 34. Rdc7 Rf2 35. Rb4 Nd6 36. Rd7 Nf5 37. g4 Ne7 38. Rd2 Rf1+ 39. Kb2 Nc6 40. Rb5 h6 41. Rc5 Ne7 42. a4 Rf4 43. h3 Rb4 44. Rd7 Rf4 45. a5 Ke8 46.
Rb7 Nc8 47. a6 Nd6 48. Rc6 1-0

[Event "Late-Titled-Tuesday-Blitz-April-23-2024"]
[Site "Chess.com"]
[Date "2024.04.23"]
[Round "10"]
[White "Bugcrusher"]
[Black "Mikhail_Bryakin"]
[Result "1/2-1/2"]
[WhiteElo "2562"]
[BlackElo "2824"]
[TimeControl "180+1"]
[EndTime "15:57:37 PDT"]
[Termination "Game drawn by repetition"]

1. d4 Nf6 2. c4 g6 3. Nc3 Bg7 4. e4 d6 5. Nf3 O-O 6. Be2 e5 7.
O-O Nc6 8. d5 Ne7 9. b4 a5 10.
bxa5 Rxa5 11. Nd2 Nd7 12. Nb3 Ra8 13. Be3 b6 14. a4 f5 15. f3 Nc5 16. a5 Bd7 17.
axb6 cxb6 18. Nxc5 bxc5 19. Rxa8 Qxa8 20. Qa1 f4 21.
Bf2 g5 22. Nb5 Bxb5 23. cxb5 Rb8 24. Qa6 Qxa6 25. bxa6 Nc8 26. Bd3 Bf6 27. Rb1 Rxb1+ 28. Bxb1 Bd8 29. Be1 Kf7 30. Bc2 Ke7 31. Ba4 Bb6 32.
Kf1 Kd8 33. h4 h6 34. h5 Kc7 35. Ke2 Ne7 36. Kd3 Ng8 37. Be8 Nf6 38. Bf7 Nd7 39.
Kc4 Nb8 40. Kb5 c4 41. Bc3 Bc5 42. Ba5+ Kd7 43. Be6+ Ke7 44. Kxc4 Nxa6 45. Kb5 Nb8 46.
Bc7 Nd7 47. Bxd7 Kxd7 48. Bb6 Ba3 49. Ba7 Bc1 50. Ka6 Be3 51. Bb8 Bc5 52. Kb7 Bd4 53.
Bc7 Bc3 54. Bb6 Bb4 55. Ba7 Bc5 56. Bb6 Be3 57. Ba7 Bc5 58. Bb6 Ba3 59. Ba7 Bb4 60.
Bb6 Be1 61. Ba7 Bg3 62. Bb6 Bh4 63. Ba7 Be1 64. Bb6 Bd2 65. Ba7 Bc1 66. Bb6 Be3 67. Ba7 Bd4 68. Bb6 Bb2 69. Ba7 Ba3 70. Bb6 Bb4 71.
Ba7 Ba3 72. Bb6 Bb4 1/2-1/2

[Event "Late-Titled-Tuesday-Blitz-April-23-2024"]
[Site "Chess.com"]
[Date "2024.04.23"]
[Round "10"]
[White "GlavkonVVS"]
[Black "Nimrod_Veinberg"]
[Result "0-1"]
[WhiteElo "2667"]
[BlackElo "2823"]
[TimeControl "180+1"]
[EndTime "15:57:38 PDT"]
[Termination "Nimrod_Veinberg won by resignation"]

1. c4 e5 2. Nc3 Nc6 3. g3 g6 4. Bg2 Bg7 5. Nf3 d6 6. d3 h5 7. h4 Nh6 8. Rb1 a5 9. a3 Ng4 10. b4 axb4 11. axb4 O-O 12. b5 Nd4 13. Bg5 f6 14. Bd2 f5 15. Nd5 Nxf3+ 16. Bxf3 Be6 17. Bg5 Qd7 18. O-O f4 19. gxf4 Kh7 20. e3 Qf7 21. Kg2 c6 22. bxc6 bxc6 23. Nc3 d5 24. cxd5 cxd5 25.
Nb5 Ra2 26. Kg3 Nh6 27. e4 exf4+ 28. Kg2 Ng4 29. Kg1 dxe4 30. dxe4 Ne5 31. Nd6 Qc7 32. Bxh5 gxh5 33. Qxh5+ Kg8 34. Rfd1 Rb8 35. Rxb8+ Qxb8 36. Bh6 Bg4 37. Qg5 Nf3+ 38. Kh1 Nxg5 39. Bxg5 Bf3+ 0-1

[Event "Late-Titled-Tuesday-Blitz-April-23-2024"]
[Site "Chess.com"]
[Date "2024.04.23"]
[Round "10"]
[White "BabageldiAnnaberdiyev"]
[Black "TheAlienParty"]
[Result "1-0"]
[WhiteElo "2613"]
[BlackElo "2449"]
[TimeControl "180+1"]
[EndTime "15:57:39 PDT"]
[Termination "BabageldiAnnaberdiyev won by checkmate"]

1. e4 e5 2. Nf3 Nc6 3. Bc4 Bc5 4. c3 Nf6 5. d4 exd4 6. cxd4 Bb4+ 7. Nc3 Nxe4 8. O-O Bxc3 9. d5 Ne5 10. bxc3 Nxc4 11.
Qd4 O-O 12. Qxe4 Nd6 13. Qd3 Qf6 14. Bg5 Qf5 15. Qxf5 Nxf5 16. g4 Nd6 17. Be7 Re8 18. Bxd6 cxd6 19. Rfe1 Kf8 20. Nd4 a6 21. Nf5 b5 22.
Nxd6 Re7 23. f4 Rb8 24. Kf2 Bb7 25. Red1 Ba8 26. Rd2 a5 27. a3 f6 28. Rb1 g6 29.
Rxb5 Rxb5 30. Nxb5 Re4 31. Nc7 Bb7 32. Rb2 Bc8 33.
Rb8 Rxf4+ 34. Ke3 Rxg4 35. Rxc8+ Ke7 36. Nb5 f5 37. c4 Rg2 38. c5 Rxh2 39. Rc7 Rb2 40.
a4 Kd8 41. Ra7 g5 42. d6 f4+ 43. Kd4 Ke8 44. Nc7+ Kf7 45. Nd5 f3 46. Rxd7+ Kg6 47. Rd8 f2 48. Rf8 g4 49. d7 Rb8 50. Rxf2 h5 51. c6 g3 52. Rg2 h4 53. c7 Rb4+ 54. Nxb4 Kf5 55. c8=Q axb4 56. d8=Q+ Kf4 57. Qf6# 1-0

[Event "Late-Titled-Tuesday-Blitz-April-23-2024"]
[Site "Chess.com"]
[Date "2024.04.23"]
[Round "10"]
[White "contrerasfiorella"]
[Black "Kostukov_Alex"]
[Result "1/2-1/2"]
[WhiteElo "2243"]
[BlackElo "2359"]
[TimeControl "180+1"]
[EndTime "15:57:42 PDT"]
[Termination "Game drawn by repetition"]

1. e4 c5 2. Nc3 g6 3. g3 Bg7 4. Bg2 Nc6 5. d3 d6 6. Nge2 e5 7. Nd5 h6 8. h4 Nge7 9. h5 g5 10. Ne3 Nd4 11. g4 O-O 12. Ng3 Ne6 13. Nef5 Nf4 14.
O-O Nxf5 15. Nxf5 Bxf5 16. gxf5 Nxg2 17. Kxg2 d5 18. Qf3 d4 19. b3 Bf6 20. a4 b6 21.
Bd2 Qc7 22. Qg4 Kh7 23. Ra2 a6 24. Rfa1 Qc6 25. Qd1 b5 26. axb5 axb5 27. Ra5 Rxa5 28. Rxa5 Ra8 29. Qa1 Rxa5 30. Qxa5 c4 31. bxc4 bxc4 32.
Qa7 Kg7 33. Bb4 cxd3 34. cxd3 Qb5 35. Qa3 g4 36. Kg3 Qc6 37. Qb2 Bg5 38. Kxg4 Qf6 39. Bd2 Kh7 40. Qc1 Bxd2 41. Qxd2 Qg7+ 42. Kh3 Qg1 43. Qe2 Qh1+ 44. Kg3 Kg7 45. Qg4+ Kh7 46. f6 Qg1+ 47. Kf3 Qd1+ 48. Kg3 Qg1+ 49. Kh3 Qh1+ 50. Kg3 Qg1+ 1/2-1/2

[Event "Late-Titled-Tuesday-Blitz-April-23-2024"]
[Site "Chess.com"]
[Date "2024.04.23"]
[Round "10"]
[White "rasmussvane"]
[Black "LiemLe"]
[Result "0-1"]
[WhiteElo "2952"]
[BlackElo "3068"]
[TimeControl "180+1"]
[EndTime "15:57:45 PDT"]
[Termination "LiemLe won on time"]

1. Nf3 d5 2. g3 g6 3. Bg2 Bg7 4. d4 Nf6 5. O-O O-O 6. c4 c6 7.
Qb3 a5 8. Rd1 a4 9. Qb4 Qa5 10.
Qxa5 Rxa5 11. Bf4 Nbd7 12. cxd5 Nxd5 13. Bd2 Rb5 14. Nc3 Rxb2 15. Nxa4 Rb5 16. e3 N7b6 17. Nxb6 Rxb6 18. Rdb1 Rxb1+ 19. Rxb1 b5 20. e4 Nb6 21. Bb4 Be6 22. a3 Bc4 23. Bc5 Na4 24. Bxe7 Re8 25. Bb4 Rxe4 26. Ne5 Rxd4 27. Nxc6 Rd3 28. Re1 h5 29. h4 Bc3 30. Re8+ Kh7 31. Ne5 Rd1+ 32. Kh2 Re1 33. Bxc3 Nxc3 34. Bc6 Nd1 35. Kg2 Re2 36. Nxc4 Rxf2+ 37. Kg1 bxc4 38. Ba4 Rd2 39. Rc8 Ne3 0-1

[Event "Late-Titled-Tuesday-Blitz-April-23-2024"]
[Site "Chess.com"]
[Date "2024.04.23"]
[Round "10"]
[White "topotun"]
[Black "TigrVShlyape"]
[Result "1-0"]
[WhiteElo "2895"]
[BlackElo "3014"]
[TimeControl "180+1"]
[EndTime "15:57:45 PDT"]
[Termination "topotun won on time"]

1. e4 c5 2. Nf3 e6 3. d4 cxd4 4.
Nxd4 a6 5. Nc3 b5 6. Bd3 Qb6 7. Nf3 Qc7 8. Qe2 Bb7 9. O-O Be7 10. Bd2 Nc6 11. a4 b4 12. Na2 Nf6 13. e5 Ng4 14.
Bf4 f6 15. Rae1 fxe5 16. Bg3 d6 17. Ng5 Bxg5 18. Qxg4 Bf6 19. Qxe6+ Qe7 20. Qg4 h5 21. Bg6+ Kf8 22. Bxh5 Nd4 23. Nxb4 a5 24. c3 Ne6 25.
Nc2 Ba6 26. Ne3 Bxf1 27. Rxf1 Nc7 28. Bg6 Rb8 29. b4 axb4 30. cxb4 Qe6 31. Bf5 Qb3 32. b5 Ra8 33. Bc2 Qc3 34. Qf3 d5 35. b6 Ne6 36.
Qxd5 Kf7 37. Bb3 Rhe8 38. b7 1-0

[Event "Late-Titled-Tuesday-Blitz-April-23-2024"]
[Site "Chess.com"]
[Date "2024.04.23"]
[Round "10"]
[White "pooh2012"]
[Black "Bala-Afiada"]
[Result "1-0"]
[WhiteElo "2599"]
[BlackElo "1990"]
[TimeControl "180+1"]
[EndTime "15:57:46 PDT"]
[Termination "pooh2012 won on time"]

1. d4 Nf6 2. c4 e6 3. Nc3 d5 4.
cxd5 exd5 5. Bg5 Be7 6. Qc2 c6 7. e3 O-O 8. Bd3 h6 9. Bf4 Bd6 10. Bg3 Bxg3 11. hxg3 Re8 12. Nge2 Bg4 13. O-O Nbd7 14.
b4 Bxe2 15. Nxe2 Ne4 16. a4 Qg5 17. Rac1 Ndf6 18. b5 Rac8 19. Nf4 Nxg3 20. fxg3 Qxg3 21. Rf3 Qg5 22. Qb1 Ng4 23. bxc6 bxc6 24. Nh3 Qh4 25. Bf5 Rb8 26. Qd3 Nf6 27. Rxc6 Rb2 28. Rc2 Rb1+ 29. Rf1 Rxf1+ 30. Qxf1 Rb8 31. Rc7 Qg3 32. Qf4 Qe1+ 33. Kh2 Rb1 34. Rc8+ Ne8 35. Rd8 1-0

[Event "Late-Titled-Tuesday-Blitz-April-23-2024"]
[Site "Chess.com"]
[Date "2024.04.23"]
[Round "10"]
[White "Zhigalko_Sergei"]
[Black "ansko1999"]
[Result "1-0"]
[WhiteElo "2876"]
[BlackElo "2596"]
[TimeControl "180+1"]
[EndTime "15:57:50 PDT"]
[Termination "Zhigalko_Sergei won on time"]

1. e4 c5 2. Nf3 Nf6 3. e5 Nd5 4. c3 d6 5. Bc4 e6 6. d4 cxd4 7. cxd4 Bd7 8. O-O Bc6 9. Bxd5 Bxd5 10. Nc3 Bxf3 11. Qxf3 d5 12. Be3 Nc6 13. Rac1 Be7 14.
Qg3 g6 15. Ne2 O-O 16. Bh6 Re8 17. Qf4 Qb6 18. Qd2 Rac8 19. g3 Na5 20. b3 Ba3 21.
Rxc8 Rxc8 22. h4 Nc6 23. Qf4 Qd8 24. Bg5 Qf8 25. h5 Nb4 26. Kg2 Rc2 27. Qg4 Nxa2 28. Nf4 Rc1 29. hxg6 hxg6 30. Nxg6 fxg6 31. Bxc1 Nxc1 32.
Qxg6+ Qg7 33. Qxe6+ Qf7 34. Qc8+ Kg7 35. Rh1 Nd3 36.
Qh8+ Kg6 37. Rh6+ Kg5 38. Rf6 1-0

[Event "Late-Titled-Tuesday-Blitz-April-23-2024"]
[Site "Chess.com"]
[Date "2024.04.23"]
[Round "10"]
[White "Oleksandr_Bortnyk"]
[Black "mishanick"]
[Result "1/2-1/2"]
[WhiteElo "3131"]
[BlackElo "3160"]
[TimeControl "180+1"]
[EndTime "15:57:51 PDT"]
[Termination "Game drawn by repetition"]

1. e4 c5 2. c3 d5 3. exd5 Qxd5 4.
d4 Nf6 5. Be3 e6 6. Nf3 cxd4 7.
cxd4 Bb4+ 8. Nc3 Qa5 9. Rc1 O-O 10. Bd3 Bd7 11. O-O Bc6 12. Ne5 Nbd7 13. Nxc6 bxc6 14. a3 Be7 15. Ne4 Rfc8 16. Qf3 Nd5 17. Rc2 N7f6 18. Rfc1 Qb6 19. h4 Rab8 20. h5 h6 21.
Nxf6+ Bxf6 22. Qe4 Kf8 23. b4 a5 24. b5 Nxe3 25.
fxe3 Bg5 26. Rxc6 Rxc6 27. Rxc6 Qd8 28. Qe5 a4 29. b6 Be7 30. Qb5 Bxa3 31. Qxa4 Bd6 32.
Qa6 Qg5 33. Rxd6 Qxe3+ 34. Kh1 Qc1+ 35. Bf1 Ke7 36. b7 Qf4 37. Rc6 Qh4+ 38. Kg1 Qxd4+ 39. Kh2 Qh4+ 40. Kg1 Qd4+ 41. Kh2 Qh4+ 42. Kg1 Qd4+ 1/2-1/2

[Event "Late-Titled-Tuesday-Blitz-April-23-2024"]
[Site "Chess.com"]
[Date "2024.04.23"]
[Round "10"]
[White "jcibarra"]
[Black "Sokoloco"]
[Result "0-1"]
[WhiteElo "2973"]
[BlackElo "2798"]
[TimeControl "180+1"]
[EndTime "15:57:54 PDT"]
[Termination "Sokoloco won on time"]

1. e4 d6 2. d4 g6 3. Nf3 Bg7 4.
Bc4 e6 5. Bb3 Nf6 6. Qe2 O-O 7.
e5 Nfd7 8. Bg5 Qe8 9. Nc3 dxe5 10. dxe5 a6 11. O-O-O Nc6 12. Bf4 b5 13. h4 h6 14.
Qe3 h5 15. Rhg1 Ne7 16. g4 hxg4 17. Rxg4 Nf5 18. Qe2 Bb7 19. h5 c5 20. hxg6 fxg6 21. Rdg1 c4 22. Bxc4 bxc4 23. Rxg6 Rf7 24. Ng5 Re7 25.
Qh5 Nf8 26. Nge4 Bxe4 27. Nxe4 Nxg6 28. Rxg6 Kf8 29. Bg5 Rd7 30. Bf6 Rad8 31. Nd6 Nxd6 32. Bxg7+ Rxg7 33. Qh8+ Ke7 34. exd6+ Kxd6 35. Qxg7 Kc6 36.
Rg4 Qd7 37. Rxc4+ Kb5 38. b3 Qxg7 39. a4+ Kb6 0-1

[Event "Late-Titled-Tuesday-Blitz-April-23-2024"]
[Site "Chess.com"]
[Date "2024.04.23"]
[Round "10"]
[White "dasatcu90"]
[Black "KorolDimitriy75"]
[Result "0-1"]
[WhiteElo "2203"]
[BlackElo "2353"]
[TimeControl "180+1"]
[EndTime "15:57:54 PDT"]
[Termination "KorolDimitriy75 won on time"]

1. d4 Nf6 2. Nf3 g6 3. c4 c5 4.
Nc3 cxd4 5. Nxd4 Nc6 6. e4 Bg7 7. Be3 O-O 8. Be2 d6 9. O-O Bd7 10. Rc1 Nxd4 11. Bxd4 Bc6 12. f3 a5 13. Qd2 Nd7 14. Be3 Nc5 15. Rfd1 Qb6 16. b3 Rfc8 17. Nd5 Bxd5 18. exd5 Qb4 19. Bf1 Bf6 20. Qf2 a4 21.
Bd2 Qa3 22. b4 Na6 23. b5 Nb4 24. Bxb4 Qxb4 25. Qd2 Qxd2 26. Rxd2 Bg5 27. Rcd1 Bxd2 28. Rxd2 a3 29. Kf2 Ra4 30. Ke3 Rb4 31. Kd4 Rb1 32. Bd3 Rc1 33. Be2 b6 34. Bd3 Kg7 35. h3 h5 36. f4 h4 37. Be2 Kf6 38. Bd3 e6 39.
dxe6 fxe6 40. Rf2 Rc5 41. Be2 d5 42. cxd5 Rxd5+ 43. Ke3 Rc3+ 44. Ke4 Rc2 45. Ke3 Rdd2 46. f5 gxf5 0-1